 Dungeon Sprint DCSS version 0.26-a0-652-gafc20e3620 (webtiles) character file.

Game seed: 10379725088150057139

430 mhtbhm the Grappler (level 6, -5/66 HPs)
             Began as a Ghoul Berserker on Oct 3, 2020.
             Was a Believer of Trog.
             Slain by Sonja
             ... wielding a +0 dagger of distortion
              (12 damage)
             ... in the Dungeon (Sprint I: "Red Sonja").
             The game lasted 00:00:46 (431 turns).

mhtbhm the Grappler (Ghoul Berserker)                Turns: 431, Time: 00:00:46

Health: -5/66      AC:  2    Str: 22    XL:     6   Next: 99%
Magic:  5/5        EV: 13    Int:  3    God:    Trog [**....]
Gold:   318        SH:  0    Dex:  8    Spells: 5/5 levels left

rFire    . . .     SeeInvis .     - Unarmed
rCold    + . .     Faith    .   (no shield)
rNeg     + + +     Spirit   .   a - +0 animal skin
rPois    ∞         Reflect  .   (no helmet)
rElec    .         Harm     .   (no cloak)
rCorr    .         Rampage  .   (no gloves)
MR       .....     NoTele   +   (no boots)
Stlth    +.........             (no amulet)
HPRegen  0.00/turn              (no ring)
MPRegen  0.09/turn              (no ring)

@: no status effects
A: rotting body, claws 1, cold resistance 1, negative energy resistance 3,
inhibited regeneration, torment resistance, unbreathing
a: Trog's Hand, Renounce Religion


You were in the Dungeon.
You worshipped Trog.
Trog was pleased with you.
You visited 1 branch You collected 318 gold pieces.

Inventory:

Armour
 a - a +0 animal skin (worn)
Scrolls
 f - a scroll of blinking
Potions
 b - 2 potions of curing
 d - a potion of haste
 e - 2 potions of magic


   Skills:
 + Level 9.8 Fighting
 + Level 4.4 Armour
 + Level 4.5 Dodging
 + Level 10.9 Unarmed Combat


You had 5 spell levels left.
You didn't know any spells.
Your spell library was empty.

Dungeon Overview and Level Annotations

Branches:
Dungeon (1/1)

Altars:
Cheibriados
Dithmenos
Elyvilon
Fedhas
Gozag
Hepliaklqana
Kikubaaqudgha
Nemelex Xobeh
Okawaru
Qazlal
Ru
Sif Muna
Trog
Uskayaw
Vehumet
Wu Jian
Yredelemnul
Zin
The Shining One

Shops:
D *

Annotations:
D Sonja


Innate Abilities, Weirdness & Mutations

Your body is rotting away.
You thrive by killing the living.
You are immune to poison.
You have sharp fingernails.
Your flesh is cold resistant. (rC+)
You are immune to negative energy. (rN+++)
You do not regenerate when monsters are visible.
You are immune to unholy pain and torment.
You can survive without breathing.


Message History

You feel much better. Sonja misses you.
Sonja hits you with a +0 dagger of distortion.
Space warps horribly around you! Sonja completely misses you.
Sonja closely misses you. x2; Sonja misses you.
Unknown command.
You miss Sonja.
Sonja hits you with a +0 dagger of distortion.
Space bends around you.
* * * LOW HITPOINT WARNING * * *
Sonja misses you. x2
You claw Sonja!
Sonja is heavily wounded.
Sonja hits you with a +0 dagger of distortion.
* * * LOW HITPOINT WARNING * * *
Space bends around you.
* * * LOW HITPOINT WARNING * * *
Sonja hits you with a +0 dagger of distortion.
* * * LOW HITPOINT WARNING * * *
Space warps horribly around you!
You die...

################
#<.#..').#.)'..#
#..').#..'..#..+
#..#####'#####'#
#..####..#...#.#
#..#__####..##.#
#..#_____##'#_.+
#⌠⌠#_.∩...'.(._#
####_..__##K@#'#
#_____###'#.#
#########.###
+$.$+ #$.(#
##.## #+#


You could see Sonja.

Vanquished Creatures
  Sigmund (D)
  A yak (D)
  An ogre (D)
  A jelly (D)
  Ijyb (D)
5 creatures vanquished.

Notes
Turn   | Place    | Note
-------+----------+-------------------------------------------
     0 | D        | mhtbhm the Ghoul Berserker began the quest for the Orb.
     0 | D        | Reached XP level 1. HP: 19/19 MP: 0/0
     2 | D        | Noticed Ijyb
    13 | D        | Killed Ijyb
    13 | D        | Reached skill level 5 in Fighting
    13 | D        | Reached skill level 5 in Unarmed Combat
    13 | D        | Reached XP level 2. HP: 7/29 MP: 1/1
    13 | D        | Reached XP level 3. HP: 9/36 MP: 2/2
   233 | D        | Noticed an ogre
   237 | D        | Killed an ogre
   237 | D        | Reached skill level 7 in Unarmed Combat
   237 | D        | Reached XP level 4. HP: 45/45 MP: 3/3
   250 | D        | Noticed Sigmund
   260 | D        | Killed Sigmund
   260 | D        | Reached ** piety under Trog
   260 | D        | Reached skill level 9 in Unarmed Combat
   260 | D        | Reached XP level 5. HP: 47/56 MP: 4/4
   260 | D        | Reached XP level 6. HP: 52/62 MP: 5/5
   310 | D        | Found an ornate altar of the Wu Jian Council.
   310 | D        | Found a shimmering blue altar of Sif Muna.
   312 | D        | Found a radiant altar of Vehumet.
   350 | D        | Found Elesan's Assorted Antiques.
   350 | D        | Found an ancient bone altar of Kikubaaqudgha.
   350 | D        | Found a hazy altar of Hepliaklqana.
   350 | D        | Found a stormy altar of Qazlal.
   350 | D        | Found a hide-covered altar of Uskayaw.
   350 | D        | Found a blossoming altar of Fedhas.
   350 | D        | Found a bloodstained altar of Trog.
   350 | D        | Found an iron altar of Okawaru.
   350 | D        | Found a basalt altar of Yredelemnul.
   350 | D        | Found a glowing golden altar of the Shining One.
   350 | D        | Found a snail-covered altar of Cheibriados.
   350 | D        | Found a sacrificial altar of Ru.
   350 | D        | Found a glowing silver altar of Zin.
   350 | D        | Found a shadowy altar of Dithmenos.
   350 | D        | Found a white marble altar of Elyvilon.
   350 | D        | Noticed a yak
   351 | D        | Found an opulent altar of Gozag.
   357 | D        | Killed a yak
   357 | D        | Reached skill level 10 in Unarmed Combat
   358 | D        | Found a sparkling altar of Nemelex Xobeh.
   416 | D        | Noticed Sonja
   431 | D        | Slain by Sonja

Illustrated notes

Levels and vault maps discovered:
D:        dungeon_sprint_1 [red_sonja_temple_1, red_sonja_temple_small_1]

Skill      XL: |  1  2  3  4  5  6 |
---------------+-------------------+-----
Fighting       | 5 6 8 9 |  9.8
Armour         | 2 3 4 |  4.4
Dodging        | 2 3 4 |  4.5
Unarmed Combat | 5 7 9 10 | 10.9

Action                   |  1- 3 |  4- 6 || total
-------------------------+-------+-------++-------
Melee: Unarmed           |    13 |    16 ||    29
Throw: Dart              |       |     1 ||     1
  Use: Potion            |       |     1 ||     1
Armor: Animal skin       |     1 |     1 ||     2
Dodge: Dodged            |     5 |    25 ||    30

Table legend: (Time is in decaauts)
 A = Elapsed time spent in this place.
 B = Non-inter-level travel time spent in this place.
 C = Inter-level travel time spent in this place.
 D = Time resting spent in this place.
 E = Time spent auto-exploring this place.
 F = Levels seen in this place.
 G = Mean time per level.
                   A        B        C        D        E       F      G
               +--------+--------+--------+--------+--------+-----+--------+
         Total |    428 |    428 |      0 |    285 |      0 |   1 |  428.0 |
       Dungeon |    428 |    428 |      0 |    285 |      0 |   1 |  428.0 |
               +--------+--------+--------+--------+--------+-----+--------+

Top non-repeatable levels by time:
       D: 428 daAuts
